 Dungeon Crawl Stone Soup version 0.21-a0-142-gdd972a7 (webtiles) character file.

492 Manul the Cudgeler (level 6, -3/47 HPs)
             Began as a Mummy Gladiator on July 23, 2017.
             Slain by a sky beast (6 damage)
             ... on level 6 of the Dungeon.
             The game lasted 00:03:46 (3968 turns).

Manul the Cudgeler (Mummy Gladiator)                Turns: 3968, Time: 00:03:47

Health: -3/47      AC:  6    Str: 17    XL:     6   Next: 91%
Magic:  6/6        EV: 12    Int:  8    God:
Gold:   201        SH:  0    Dex: 15    Spells: 5/5 levels left

rFire    x . .     SeeInvis .   i - +5 morningstar (crush)
rCold    + . .     Gourm    .   (no shield)
rNeg     + + +     Faith    .   k - +0 ring mail
rPois    ∞         Spirit   .   c - +0 helmet
rElec    .         Reflect  .   (no cloak)
rCorr    .         Harm     +   (no gloves)
MR       .....                  (no boots)
Stlth    +.........             j - amulet of harm
HPRegen  0.15/turn              (no ring)
MPRegen  0.10/turn              (no ring)

@: no status effects
A: no food or potions, fire vulnerability, cold resistance 1, negative energy
resistance 3, torment resistance, unbreathing
a: no special abilities


You were on level 6 of the Dungeon.
You were not hungry.

You visited 1 branch of the dungeon, and saw 5 of its levels.

You collected 201 gold pieces.

Inventory:

Hand Weapons
 a - a +0 flail
 i - a +5 morningstar of crushing (weapon)
Missiles
 d - 4 throwing nets (quivered)
Armour
 b - a +0 leather armour
 c - a +0 helmet (worn)
 k - a +0 ring mail (worn)
Jewellery
 j - an amulet of harm (around neck)
 l - an uncursed amulet of guardian spirit
Wands
 p - a wand of polymorph (16/24)
Scrolls
 e - 2 scrolls of fear {unknown}
 f - 4 scrolls of remove curse {unknown}
 g - 5 scrolls of identify
 h - 2 scrolls of teleportation
 m - a scroll of enchant armour {unknown}
 n - a scroll of recharging {unknown}
 o - a scroll of immolation {unknown}


   Skills:
 + Level 3.3 Fighting
 + Level 4.8 Maces & Flails
 + Level 1.6 Throwing
 + Level 2.5 Armour
 + Level 3.1 Dodging
 - Level 1.0 Stealth


You had 5 spell levels left.
You didn't know any spells.

Dungeon Overview and Level Annotations

Branches:
Dungeon (6/15)
 Temple: D:4-7

Altars:
Makhleb
Okawaru


Innate Abilities, Weirdness & Mutations

You do not eat or drink.
Your flesh is vulnerable to fire.
You are immune to poison.
Your flesh is cold resistant. (rC+)
You are immune to negative energy. (rN+++)
You are immune to unholy pain and torment.
You can survive without breathing.


Message History

You thump the orc!
You kill the orc!
The sky beast flickers out of sight!
Deactivating autopickup; reactivate with Ctrl-A.
Found a scroll labeled BOMINL YJIUMO and a scroll of teleportation.
A sky beast appears from thin air!
Reactivating autopickup.
You see here a scroll labeled BOMINL YJIUMO.
You hit the sky beast.
The sky beast is moderately wounded.
The sky beast hits you.
* * * LOW HITPOINT WARNING * * *
The sky beast shocks you.
* * * LOW HITPOINT WARNING * * *
You closely miss the sky beast.
The sky beast is moderately wounded.
The sky beast hits you.
* * * LOW HITPOINT WARNING * * *
The sky beast shocks you.
You die...

....# #....
##.#.## #.....# #
#..#.. #.#..#.# #
#......###.#####
#...Y@.?.....
#.#####...... #.#
..... ###.#####
.... #....)..# ...
#.#.###.# ...
#.#)## .#....Y..#
#..≈.##.#.##.##.##
#.#.<.............


You could see a sky beast.

Vanquished Creatures
  A centaur (D:6)
  3 wights (D:6)
  A howler monkey (D:6)
  A quasit (D:6)
  2 worker ants
  Terence (D:2)
  3 adders
  4 oozes
  A worm (D:3)
  A dart slug (D:2)
  A leopard gecko (D:6)
  5 orcs
  13 bats
  17 giant cockroaches
  7 goblins
  10 hobgoblins
  3 jackals (D:6)
  4 kobolds (D:1)
  2 quokkas
  2 ball pythons
  2 frilled lizards
  11 rats
95 creatures vanquished.

Notes
Turn   | Place    | Note
-------+----------+-------------------------------------------
     0 | D:1      | Manul the Mummy Gladiator began the quest for the Orb.
     0 | D:1      | Reached XP level 1. HP: 16/16 MP: 1/1
   130 | D:1      | Reached XP level 2. HP: 22/22 MP: 2/2
   398 | D:1      | Reached skill level 3 in Maces & Flails
   515 | D:1      | Reached XP level 3. HP: 27/27 MP: 3/3
  1202 | D:2      | Noticed Terence
  1208 | D:2      | Killed Terence
  1208 | D:2      | Reached skill level 1 in Armour
  1208 | D:2      | Reached XP level 4. HP: 12/33 MP: 4/4
  1925 | D:2      | Found a burning altar of Makhleb.
  2643 | D:3      | Reached skill level 1 in Stealth
  2644 | D:3      | Reached XP level 5. HP: 39/39 MP: 5/5
  2724 | D:3      | You fall through a shaft for 3 floors!
  2730 | D:6      | Found an iron altar of Okawaru.
  2737 | D:6      | Noticed a centaur
  2747 | D:6      | Killed a centaur
  2747 | D:6      | Reached skill level 4 in Maces & Flails
  3005 | D:6      | Reached XP level 6. HP: 37/46 MP: 6/6
  3518 | D:5      | Entered Level 5 of the Dungeon
  3865 | D:6      | Noticed a sky beast
  3968 | D:6      | Slain by a sky beast

Vault maps used:
D:1:      dpeg_arrival_subterranean_lakeside_camping
D:2:      minmay_roachtagon, bloody_makhleb, uniq_terence
D:3:      tgw_xom, first_bread
D:5:      old_standard_altar, nicolae_qazlal_style_of_elements, zin_statuary,
          temple_hall, uniq_pikel
D:6:      old_standard_altar

Skill      XL: |  1  2  3  4  5  6 |
---------------+-------------------+-----
Maces & Flails | 3 4 |  4.8
Armour         | 1 2 |  2.5
Stealth        | 1 |  1.0
Fighting       | 3 |  3.3
Dodging        | 3 |  3.1
Throwing       | |  1.6

Action                   |  1- 3 |  4- 6 || total
-------------------------+-------+-------++-------
Melee: Flail             |   102 |       ||   102
       Morningstar       |       |   145 ||   145
  Use: Scroll            |       |     3 ||     3
 Stab: Sleeping          |     1 |     1 ||     2
Armor: Leather armour    |    43 |    21 ||    64
       Ring mail         |       |    31 ||    31
Dodge: Dodged            |    70 |   119 ||   189
